[Event "Titled Tuesday Blitz August 16 Late 2022"]
[White "Tanenbaum, Zachary"]
[Black "Przybylski, Wojciech"]
[WhiteFideId "2060850"]
[BlackFideId "1117599"]
[WhiteElo "2175"]
[BlackElo "2133"]
[Result "1-0"]
[Round "03"]
[TimeControl "180+1"]
[Date "2022.08.18"]
[WhiteClock "0:00:00"]
[BlackClock "0:00:00"]

1. e4 c5 2. Nf3 e6 3. d4 cxd4 4. Nxd4 Nc6 5. Nc3 Qc7 6. g3 h5 7. Bg2 h4 8. Ndb5 Qb8 9. Bf4 Ne5 10. Qd4 f6 11. O-O-O a6 12. Nd6+ Bxd6 13. Qxd6 Qxd6 14. Rxd6 h3 15. Bf1 g5 16. Be3 b5 17. Be2 Ne7 18. Rhd1 g4 19. a3 N7c6 20. Bf4 Nf7 21. Bxg4 Nxd6 22. Bxd6 Ne5 23. Be2 Bb7 24. f4 Nc4 25. Bxc4 bxc4 26. Rd4 Rc8 27. Kd2 f5 28. exf5 exf5 29. Nd5 Kf7 30. Ne7 Rce8 31. Nxf5 Re4 32. Rxe4 Bxe4 33. Be5 Bxf5 34. Bxh8 d5 35. Bd4 Ke6 36. b3 cxb3 37. cxb3 Bg4 38. b4 Kf5 39. Ke3 Bh5 40. a4 Be8 41. a5 Kg4 42. Be5 Bd7 43. Kd4 Kf3 44. Kxd5 Kg2 45. f5 Bxf5 46. g4 Bxg4 47. b5 axb5 48. Kc5 Bf3 49. Kxb5 Be4 50. Kb6 Kf3 51. a6 Kg4 52. a7 Kf5 53. Bg3 Ke6 54. Kc7 Bf3 55. Kb8 Kd7 56. a8=Q Bxa8 57. Kxa8 Ke6 58. Kb7 Kf5 59. Kc6 Kg4 60. Kd5 Kf3 61. Ke5 Kg4 62. Kf6 Kh5 63. Kf5 Kh6 64. Kg4 Kg6 65. Kxh3 Kh6 66. Kg4 Kg6 67. h4 Kh6 68. h5 Kh7 69. Bf4 Kg7 70. Kg5 Kh7 71. h6 Kg8 72. Kg6 Kh8 73. Be5+ Kg8 74. h7+ Kf8 75. h8=Q+ 1-0


[Site "https://www.chess.com"]

[Event "Titled Tuesday Blitz August 16 Late 2022"]
[White "Tarnowska, Aleksandra"]
[Black "Medeiros Jr, Francisco De Assis"]
[WhiteFideId "1180967"]
[BlackFideId "2114267"]
[WhiteElo "1700"]
[BlackElo "2020"]
[Result "0-1"]
[Round "03"]
[TimeControl "180+1"]
[Date "2022.08.18"]
[WhiteClock "0:00:00"]
[BlackClock "0:00:00"]

1. e4 c6 2. d4 d5 3. Nc3 dxe4 4. Nxe4 Nf6 5. Ng3 c5 6. Nf3 Nc6 7. c3 Bg4 8. Bb5 cxd4 9. Bxc6+ bxc6 10. Qxd4 Bxf3 11. gxf3 Qxd4 12. cxd4 e6 13. Ne4 O-O-O 14. Be3 Nd5 15. Rc1 Kb7 16. Ke2 h6 17. Nc5+ Bxc5 18. Rxc5 Rc8 19. Rhc1 Rhd8 20. a3 Nb6 21. Rg1 g6 22. b4 Rd5 23. Rgc1 h5 24. b5 cxb5 25. Rxc8 Nxc8 26. Rb1 a6 27. a4 Nd6 28. a5 Nc4 29. Ra1 Kc6 30. Kd3 Rd7 31. h4 Ne5+ 32. Ke4 Nc4 33. Rc1 Rd5 34. f4 Kb7 35. Ra1 Nd6+ 36. Kd3 Nf5 37. Rc1 Nxh4 38. Ke4 Nf5 39. f3 Nd6+ 40. Kd3 Nc4 41. Ra1 h4 0-1


[Site "https://www.chess.com"]

[Event "Titled Tuesday Blitz August 16 Late 2022"]
[White "Tatarinov, Dmitry"]
[Black "Reprintsev, Alexander"]
[WhiteFideId "24160067"]
[BlackFideId "14100541"]
[WhiteElo "2314"]
[BlackElo "2350"]
[Result "1-0"]
[Round "03"]
[TimeControl "180+1"]
[Date "2022.08.18"]
[WhiteClock "0:00:00"]
[BlackClock "0:00:00"]

1. d4 d5 2. c4 e5 3. dxe5 d4 4. Nf3 Nc6 5. a3 g6 6. Nbd2 Bg7 7. g3 Nh6 8. Bg2 O-O 9. O-O Re8 10. b4 Ng4 11. Nb3 Ncxe5 12. Nfxd4 Nxc4 13. Bf4 1-0


[Site "https://www.chess.com"]

[Event "Titled Tuesday Blitz August 16 Late 2022"]
[White "Thiel, Thomas"]
[Black "Baches Garcia, Guillermo"]
[WhiteFideId "4615964"]
[BlackFideId "2209764"]
[WhiteElo "2230"]
[BlackElo "2326"]
[Result "1/2-1/2"]
[Round "03"]
[TimeControl "180+1"]
[Date "2022.08.18"]
[WhiteClock "0:00:00"]
[BlackClock "0:00:00"]

1. e4 c5 2. Nc3 d6 3. f4 g6 4. Nf3 Bg7 5. Bc4 e6 6. O-O Ne7 7. f5 gxf5 8. d3 Nbc6 9. Qe1 Nd4 10. Nxd4 cxd4 11. Ne2 O-O 12. Nf4 fxe4 13. dxe4 Ng6 14. Nh5 Qh4 15. Qxh4 Nxh4 16. Bg5 Ng6 17. Nxg7 Kxg7 18. Bf6+ Kg8 19. Bxd4 e5 20. Be3 Be6 21. Bxe6 fxe6 22. Rxf8+ Kxf8 23. Rf1+ Ke8 24. Rf6 Nf8 25. Bh6 Ke7 26. Rxf8 Rxf8 27. Bxf8+ Kxf8 28. c4 Kf7 29. Kf2 Kg6 30. Kg3 Kg5 31. h4+ Kh5 32. Kh3 Kg6 33. g4 h6 34. Kg3 Kf6 35. Kf3 b6 36. Ke3 Ke7 37. Kf3 Kf6 1/2-1/2


[Site "https://www.chess.com"]

[Event "Titled Tuesday Blitz August 16 Late 2022"]
[White "Thomforde-Toates, Noah"]
[Black "Al-Tarboush, Ward"]
[WhiteFideId "30951992"]
[BlackFideId "7601450"]
[WhiteElo "2124"]
[BlackElo "2234"]
[Result "1-0"]
[Round "03"]
[TimeControl "180+1"]
[Date "2022.08.18"]
[WhiteClock "0:00:00"]
[BlackClock "0:00:00"]

1. d4 d5 2. Nc3 Nf6 3. Bf4 e6 4. e3 Bb4 5. Bd3 c5 6. dxc5 Qa5 7. Qd2 Nc6 8. Nf3 Qxc5 9. O-O O-O 10. Ne5 Nxe5 11. Bxe5 Nd7 12. Bd4 Qe7 13. a3 Bd6 14. e4 Bxh2+ 15. Kxh2 e5 16. Nxd5 Qh4+ 17. Kg1 exd4 18. g3 Qd8 19. Be2 Ne5 20. Qxd4 Nc6 21. Qd2 Bh3 22. Rfe1 Re8 23. Bf3 Ne5 24. Bh1 Qc8 25. b3 Qg4 26. Qf4 Qh5 27. Nc7 Ng4 28. Bf3 g5 29. Qf5 Re5 30. Qxe5 Nxe5 31. Bxh5 Rc8 32. Nd5 Rxc2 33. Rac1 Rb2 34. Rc3 g4 35. a4 Kg7 36. Nf4 Kh6 37. Nxh3 Kxh5 38. Nf4+ Kg5 39. Rc5 f6 40. Nd3 b6 41. Rxe5+ 1-0


[Site "https://www.chess.com"]

[Event "Titled Tuesday Blitz August 16 Late 2022"]
[White "Toncheva, Nadya"]
[Black "Bilych, Olexiy"]
[WhiteFideId "2924056"]
[BlackFideId "14156504"]
[WhiteElo "1888"]
[BlackElo "2157"]
[Result "0-1"]
[Round "03"]
[TimeControl "180+1"]
[Date "2022.08.18"]
[WhiteClock "0:00:00"]
[BlackClock "0:00:00"]

1. e4 c5 2. Nf3 d6 3. d4 cxd4 4. Nxd4 Nf6 5. f3 e5 6. Nb3 a5 7. c4 Nxe4 8. fxe4 Qh4+ 9. Kd2 a4 10. Nc3 axb3 11. Qxb3 Be7 12. g3 Qg4 13. Be2 Qg6 14. Nd5 Qxe4 15. Rf1 Bd8 16. Bf3 Ba5+ 17. Nc3 Qd4+ 18. Ke1 O-O 19. Bd2 Bh3 20. Rf2 e4 21. Nxe4 Bxd2+ 22. Nxd2 Re8+ 23. Be2 Nc6 24. Rf4 Qg1+ 25. Nf1 Nd4 26. Qd3 Nxe2 27. Qxe2 Rxe2+ 28. Kxe2 Re8+ 29. Kd2 Bxf1 30. Raxf1 Qe3+ 31. Kc2 Qe2+ 32. Kc1 f6 33. R4f2 Qxc4+ 0-1


[Site "https://www.chess.com"]

[Event "Titled Tuesday Blitz August 16 Late 2022"]
[White "Tristan, Leonardo"]
[Black "Melikyan, Gnel"]
[WhiteFideId "113816"]
[BlackFideId "54109990"]
[WhiteElo "2404"]
[BlackElo "1772"]
[Result "1-0"]
[Round "03"]
[TimeControl "180+1"]
[Date "2022.08.16"]
[WhiteClock "0:00:25"]
[BlackClock "0:00:12"]

1. d4 Nf6 2. Nf3 g6 3. Bf4 Bg7 4. e3 d6 5. Be2 O-O 6. O-O Nc6 7. c3 Ne4 8. Qc2 e5 9. Qxe4 exf4 10. Qxf4 b6 11. Nbd2 Bb7 12. h4 Ne7 13. h5 Nd5 14. Qh2 Qe7 15. Bd3 Rae8 16. Rfe1 Qf6 17. Ne4 Qe7 18. Ng3 Nf6 19. e4 Ng4 20. Qh1 c5 21. Bb5 Rd8 22. d5 Bc8 23. a4 Ne5 24. Nd2 Qg5 25. Ndf1 f5 26. exf5 gxf5 27. Be2 Bh6 28. Nh2 Qg7 29. Nf3 Bf4 30. Qh4 Bxg3 31. Qxg3 f4 32. Qxg7+ Kxg7 33. Nxe5 dxe5 34. Bf3 Kf6 35. a5 b5 36. a6 Rd6 37. Ra5 Bxa6 38. Rea1 Bb7 39. Rxb5 Bxd5 40. Bxd5 Rxd5 41. Rxa7 h6 42. Rb6+ Kg5 43. Rg7+ Kxh5 44. Rgg6 Rd1+ 45. Kh2 Rd2 46. f3 Re2 47. Rxh6+ Kg5 48. Rbg6+ Kf5 49. Kh3 Rxb2 50. Kh4 Rb1 51. Rg5# 1-0


[Site "https://www.chess.com"]

[Event "Titled Tuesday Blitz August 16 Late 2022"]
[White "Turayev, Shahruh"]
[Black "Nozdrachev, Leonid"]
[WhiteFideId "14003856"]
[BlackFideId "24113433"]
[WhiteElo "2217"]
[BlackElo "2100"]
[Result "1-0"]
[Round "03"]
[TimeControl "180+1"]
[Date "2022.08.18"]
[WhiteClock "0:00:00"]
[BlackClock "0:00:00"]

1. e4 c6 2. Nc3 d5 3. exd5 cxd5 4. d4 Nf6 5. Bf4 Bg4 6. f3 Bf5 7. Nb5 Na6 8. c3 Qa5 9. Bd3 Bxd3 10. Qxd3 e6 11. Ne2 Be7 12. Nd6+ Bxd6 13. Bxd6 Qb6 14. Ba3 O-O-O 15. O-O Rhe8 16. Kh1 Qc6 17. Rac1 Kb8 18. Rb1 h5 19. b4 Nc7 20. b5 Qc4 21. Qd2 Nxb5 22. Rb4 Qc6 23. Qb2 a6 24. Rb1 Rd7 25. Qb3 Rc8 26. Bc1 Nd6 27. Bf4 Ka8 28. h3 Nc4 29. Nc1 Na5 30. Qa3 Nc4 31. Qb3 Na5 32. Qd1 Qxc3 33. Nd3 Nc6 34. Rc1 Qa3 35. Rb6 g5 36. Be5 Ne8 37. Nc5 Rcc7 38. Nxd7 Rxd7 39. Qc2 Nxe5 40. dxe5 Rc7 41. Qxc7 Nxc7 42. Rxc7 Qxa2 43. Rcxb7 Qa1+ 44. Rb1 Qxe5 45. Rxf7 Qd6 46. Rc1 Kb8 47. Rb1+ Kc8 48. Rc1+ Kb8 49. Rb1+ Kc8 50. Re1 d4 51. Rc1+ Kd8 52. Rb1 d3 53. Kg1 d2 54. Rd1 Qd4+ 55. Kf1 Qd3+ 56. Kf2 Qd4+ 57. Ke2 e5 58. Rxd2 Ke8 59. Rxd4 Kxf7 60. Ra4 Ke6 61. Rxa6+ Kf5 62. Kf2 Kf4 63. g4 h4 64. Rf6# 1-0


[Site "https://www.chess.com"]

[Event "Titled Tuesday Blitz August 16 Late 2022"]
[White "Urh, Zala"]
[Black "Kostiukov, Alexandr"]
[WhiteFideId "14611481"]
[BlackFideId "14108100"]
[WhiteElo "2262"]
[BlackElo "2271"]
[Result "1-0"]
[Round "03"]
[TimeControl "180+1"]
[Date "2022.08.18"]
[WhiteClock "0:00:00"]
[BlackClock "0:00:00"]

1. e4 c5 2. Nf3 g6 3. d4 cxd4 4. Nxd4 Bg7 5. Nc3 Nc6 6. Be3 Nf6 7. Bc4 Qa5 8. O-O Qb4 9. Bb3 Nxe4 10. Nxe4 Nxd4 11. c3 Ne2+ 12. Qxe2 Qxe4 13. Rad1 O-O 14. Rfe1 Qc6 15. Bg5 e6 16. Be7 Re8 17. Bd6 Bf8 18. Qe5 Bg7 19. Qg3 b5 20. Bd5 1-0


[Site "https://www.chess.com"]

[Event "Titled Tuesday Blitz August 16 Late 2022"]
[White "Uskov, Artem"]
[Black "Arnold, Ken"]
[WhiteFideId "34254854"]
[BlackFideId "2056836"]
[WhiteElo "2335"]
[BlackElo "2391"]
[Result "0-1"]
[Round "03"]
[TimeControl "180+1"]
[Date "2022.08.18"]
[WhiteClock "0:00:00"]
[BlackClock "0:00:00"]

1. e4 c6 2. d4 d5 3. f3 dxe4 4. fxe4 e5 5. Nf3 Bg4 6. Bc4 Nd7 7. O-O Ngf6 8. c3 Bh5 9. Qe1 Bd6 10. Bg5 O-O 11. Nbd2 Qc7 12. Bb3 b5 13. Qh4 Bg6 14. Rae1 Rfe8 15. Kh1 a5 16. dxe5 Bxe5 17. Nxe5 Qxe5 18. Nf3 Qc5 19. e5 Nd5 20. Qg3 a4 21. Bd1 Nc7 22. h4 Ne6 23. Be3 Qe7 24. Nd4 Nxd4 25. cxd4 h5 26. Bf3 Rac8 27. Bf4 Nf8 28. Bg5 Qb4 29. Qf2 Ne6 30. Be3 a3 31. b3 c5 32. d5 Nf4 33. Bd2 Nd3 34. Bxb4 Nxf2+ 35. Rxf2 cxb4 36. d6 Rcd8 37. Rd2 Bf5 38. Kh2 g6 39. Bc6 Bd7 40. Bd5 Kg7 41. Rf2 Bf5 42. Bc6 Bd7 43. Bd5 Be6 44. Bf3 Bf5 45. Ree2 f6 46. exf6+ Kxf6 47. Rxe8 Rxe8 48. Bc6 Rd8 49. Rd2 Ke6 50. Bxb5 Rxd6 51. Bc4+ Ke7 52. Re2+ Kf6 53. Kg3 Rd4 54. Rf2 Rg4+ 55. Kf3 Rxh4 56. g3 Rd4 57. Ke3 Re4+ 58. Kf3 Ke5 59. Rd2 Bg4+ 60. Kf2 Rd4 61. Rc2 g5 62. Bf1 Bf5 63. Re2+ Kf6 64. Ke3 Re4+ 65. Kf2 Rxe2+ 66. Bxe2 Bb1 67. Bd1 h4 68. gxh4 gxh4 69. Ke3 h3 70. Kf2 h2 71. Kg2 Ke5 72. Kxh2 Kd4 73. Kg1 Kc3 74. Kf2 Bxa2 0-1


[Site "https://www.chess.com"]

[Event "Titled Tuesday Blitz August 16 Late 2022"]
[White "Vagman, Roy"]
[Black "Leitao, Rafael"]
[WhiteFideId "2828995"]
[BlackFideId "2101246"]
[WhiteElo "1956"]
[BlackElo "2609"]
[Result "0-1"]
[Round "03"]
[TimeControl "180+1"]
[Date "2022.08.18"]
[WhiteClock "0:00:00"]
[BlackClock "0:00:00"]

1. d4 Nf6 2. Nf3 e6 3. g3 d5 4. Bg2 Be7 5. O-O O-O 6. c4 dxc4 7. Qc2 a6 8. a4 Bd7 9. Qxc4 Bc6 10. Bf4 a5 11. Nc3 Na6 12. Rfd1 Bd5 13. Nxd5 exd5 14. Qb3 Nb4 15. Ne5 c6 16. Rac1 Qb6 17. h4 h6 18. Bh3 Rfe8 19. Kh2 Rad8 20. Qf3 c5 21. g4 Nc6 22. g5 hxg5 23. hxg5 Nxe5 24. dxe5 Ne4 25. Rg1 Qg6 26. Qg2 c4 27. Rcd1 d4 28. f3 Nc5 29. Qg4 d3 30. e4 Nxa4 31. Qh4 Qh7 32. Qf2 c3 33. e6 c2 34. exf7+ Kxf7 35. Rd2 g6 36. Qg3 Rh8 37. Qg4 Qxh3+ 38. Qxh3 Rxh3+ 39. Kxh3 Nxb2 40. Rc1 Nc4 41. Rdxc2 dxc2 42. Rxc2 b5 43. Kg4 a4 44. Rh2 Kg7 45. Rh6 a3 46. Bg3 a2 47. Rh1 Bc5 48. Bc7 Rd7 49. Bb8 Bd4 50. Bf4 a1=Q 51. Rxa1 Bxa1 52. Bg3 Ne5+ 53. Bxe5+ Bxe5 54. f4 Bd4 55. f5 gxf5+ 56. exf5 b4 57. Kh5 b3 58. Kg4 b2 59. f6+ Bxf6 60. Kh5 Be5 61. g6 b1=Q 62. Kg4 Qe4+ 63. Kh3 Rd3# 0-1


[Site "https://www.chess.com"]

[Event "Titled Tuesday Blitz August 16 Late 2022"]
[White "Vivekananthan, Anish"]
[Black "Taichman, Ori"]
[WhiteFideId "2090775"]
[BlackFideId "2804069"]
[WhiteElo "2831"]
[BlackElo "2227"]
[Result "1-0"]
[Round "03"]
[TimeControl "180+1"]
[Date "2022.08.16"]
[WhiteClock "0:00:05"]
[BlackClock "0:00:09"]

1. d4 Nf6 2. Nf3 g6 3. Nbd2 d5 4. b4 Bg7 5. e3 a5 6. b5 c5 7. c4 O-O 8. dxc5 Ne4 9. Nxe4 dxe4 10. Nd4 e5 11. Nb3 Qxd1+ 12. Kxd1 Rd8+ 13. Kc2 a4 14. Nd2 f5 15. Be2 Nd7 16. Ba3 Bf8 17. f3 Nxc5 18. Rhd1 exf3 19. gxf3 f4 20. e4 Ne6 21. Bb2 Nd4+ 22. Bxd4 Rxd4 23. Nb1 Bc5 24. Nc3 Be6 25. Nd5 Bxd5 26. exd5 e4 27. Rxd4 Bxd4 28. Rd1 exf3 29. Bxf3 Bc5 30. d6 Rd8 31. d7 b6 32. Bc6 Kf7 33. Re1 f3 34. Kd3 f2 35. Rf1 g5 36. Ke4 Kf6 37. Kf3 h5 38. Kg2 g4 39. Rd1 h4 40. Rd3 Kg5 41. Rd5+ Kg6 42. Rd3 Rf8 43. Kf1 Be7 44. Be4+ Kg5 45. Bc6 g3 46. hxg3 h3 47. Re3 Bd8 48. Re5+ Kg4 49. Re8 h2 50. Rxf8 h1=Q+ 51. Bxh1 Be7 52. Bc6 Bxf8 53. d8=Q Be7 54. Qxe7 Kxg3 55. Qe3+ Kh2 56. Qxf2+ Kh3 57. Qg2+ Kh4 58. Bf3 a3 59. Qg4# 1-0


[Site "https://www.chess.com"]

[Event "Titled Tuesday Blitz August 16 Late 2022"]
[White "Wadsworth, Matthew J"]
[Black "Zamorano, Jorge"]
[WhiteFideId "415804"]
[BlackFideId "173770"]
[WhiteElo "2294"]
[BlackElo "2331"]
[Result "1-0"]
[Round "03"]
[TimeControl "180+1"]
[Date "2022.08.18"]
[WhiteClock "0:00:00"]
[BlackClock "0:00:00"]

1. Nf3 Nf6 2. g3 g6 3. Bg2 Bg7 4. O-O O-O 5. c4 Nc6 6. Nc3 d6 7. Rb1 a5 8. a3 e5 9. d3 Ng4 10. b4 axb4 11. axb4 f5 12. b5 Ne7 13. Qb3 Kh8 14. Bg5 h6 15. Bxe7 Qxe7 16. Nd5 Qd8 17. Nd2 h5 18. e4 f4 19. f3 Ne3 20. Rfe1 Bh6 21. Nxe3 fxe3 22. Nf1 h4 23. Nxe3 hxg3 24. hxg3 Kg7 25. Kf2 Be6 26. Qc3 Ra2+ 27. Rb2 Qa8 28. Rxa2 Qxa2+ 29. Re2 Qa7 30. c5 Bxe3+ 31. Kxe3 Qxc5+ 32. Qxc5 dxc5 33. b6 Rc8 34. bxc7 Rxc7 35. Rb2 Bd7 36. Rb6 Bc6 37. Bh3 Kf6 38. f4 Rh7 39. Bc8 exf4+ 40. gxf4 g5 41. Bxb7 gxf4+ 42. Kxf4 Rxb7 43. Rxc6+ 1-0


[Site "https://www.chess.com"]

[Event "Titled Tuesday Blitz August 16 Late 2022"]
[White "Wiewiora, Eneasz"]
[Black "Harvey, Marcus R"]
[WhiteFideId "1140396"]
[BlackFideId "400092"]
[WhiteElo "2291"]
[BlackElo "2485"]
[Result "0-1"]
[Round "03"]
[TimeControl "180+1"]
[Date "2022.08.16"]
[WhiteClock "0:00:10"]
[BlackClock "0:00:23"]

1. e4 e6 2. d4 d5 3. Bd3 dxe4 4. Bxe4 Nf6 5. Bf3 Bd6 6. Ne2 Nbd7 7. Bf4 e5 8. dxe5 Nxe5 9. Bxe5 Bxe5 10. Qxd8+ Kxd8 11. Nbc3 c6 12. O-O-O+ Kc7 13. h3 Re8 14. Rhe1 Bf5 15. Nd4 Bg6 16. Nde2 h5 17. a3 h4 18. Kb1 Bd6 19. Nc1 Bc5 20. Rf1 Rad8 21. Nb3 Bd6 22. Rfe1 Bh2 23. Rxd8 Rxe1+ 24. Rd1 Rxd1+ 25. Nxd1 Ne4 26. Bxe4 Bxe4 27. f3 Bh7 28. Nd4 Be5 29. Ne2 g5 30. Kc1 f5 31. Nf2 Bg3 32. Nd3 Bd6 33. Kd2 Kd7 34. c4 Ke6 35. b4 Kf6 36. Nd4 g4 37. f4 Bg8 38. c5 Bc7 39. Ke3 Bd5 40. Ne1 Bxg2 41. Nxg2 gxh3 42. Ne2 h2 0-1


[Site "https://www.chess.com"]

[Event "Titled Tuesday Blitz August 16 Late 2022"]
[White "Xu, Jeffrey"]
[Black "Potapova, Margarita"]
[WhiteFideId "2617110"]
[BlackFideId "14126869"]
[WhiteElo "2047"]
[BlackElo "2225"]
[Result "1-0"]
[Round "03"]
[TimeControl "180+1"]
[Date "2022.08.18"]
[WhiteClock "0:00:00"]
[BlackClock "0:00:00"]

1. e4 d6 2. d4 g6 3. Nf3 Bg7 4. h4 h5 5. Qd3 a6 6. Rg1 b5 7. a4 bxa4 8. Ng5 Nh6 9. Rxa4 Nd7 10. Nc3 Nb6 11. Ra5 O-O 12. f3 c5 13. dxc5 Nd7 14. Ra1 Nxc5 15. Qe3 Qb6 16. Nd5 Qa7 17. Bc4 e6 18. Nf4 d5 19. exd5 Nf5 20. Qf2 Bd4 21. Qe2 e5 22. Nfh3 Bxg1 23. Nxg1 Nd3+ 24. Bxd3 Qxg1+ 25. Qf1 Qh2 26. Bxf5 Bxf5 27. Qf2 Rac8 28. c3 Qh1+ 29. Kd2 Rfd8 30. Ra5 Rd7 31. Ne4 Kg7 32. Qg3 f6 33. Kc2 Bxe4+ 34. fxe4 Qf1 35. Qf3 Qg1 36. Be3 Qe1 37. Rxa6 Qxh4 38. g3 Qh2+ 39. Kb1 Rf8 40. c4 Rb7 41. Rb6 Rxb6 42. Bxb6 Rb8 43. c5 Qh3 44. d6 Qd7 45. Qd3 f5 46. Qd5 1-0


[Site "https://www.chess.com"]

[Event "Titled Tuesday Blitz August 16 Late 2022"]
[White "Yaksin, Oleg"]
[Black "Martin Barcelo, Carles"]
[WhiteFideId "24105880"]
[BlackFideId "24561444"]
[WhiteElo "2256"]
[BlackElo "1922"]
[Result "1-0"]
[Round "03"]
[TimeControl "180+1"]
[Date "2022.08.18"]
[WhiteClock "0:00:00"]
[BlackClock "0:00:00"]

1. d4 d5 2. c4 e6 3. Nc3 Be7 4. cxd5 exd5 5. Bf4 c6 6. e3 Nf6 7. Bd3 O-O 8. Qc2 Re8 9. Nge2 Nbd7 10. h3 Nf8 11. O-O Ne6 12. Be5 g6 13. Rad1 Ng7 14. Bh2 Bf5 15. Nc1 Bd6 16. Bxd6 Qxd6 17. Qb3 Qe7 18. Rfe1 Bxd3 19. Nxd3 Nf5 20. Ne5 Nd6 21. a4 Nd7 22. f4 Nf6 23. a5 a6 24. Nd3 Nfe4 25. Na4 Rab8 26. Nac5 Nxc5 27. Nxc5 Ne4 28. Nd3 Qh4 29. Rf1 Re7 30. Rf3 Rbe8 31. Ne5 f6 32. Ng4 Kg7 33. Qc2 h5 34. Nh2 Nd6 35. Nf1 Nf5 36. Qd3 Nd6 37. Kh2 f5 38. g3 Qf6 39. b3 Re6 40. Kg2 Qe7 41. Re1 Qc7 42. Qc3 R8e7 43. Rf2 Ne4 44. Qb4 Nxf2 45. Kxf2 Qd7 46. Nd2 Qe8 47. Qc3 Kf7 48. Nf3 Kg7 49. Ne5 Qd8 50. Rg1 Kf6 51. Qb4 Qd6 52. Qc3 Qc7 53. g4 hxg4 54. hxg4 Rh7 55. gxf5 gxf5 56. Rg3 Re8 57. Qa1 Reh8 58. Qg1 Rg7 59. Rg6+ Rxg6 60. Qxg6+ Ke7 61. Qg7+ Kd6 62. Qf6# 1-0


[Site "https://www.chess.com"]

[Event "Titled Tuesday Blitz August 16 Late 2022"]
[White "Yedidia, Daniel"]
[Black "Van Foreest, Machteld"]
[WhiteFideId "30905907"]
[BlackFideId "1051563"]
[WhiteElo "2054"]
[BlackElo "1971"]
[Result "1-0"]
[Round "03"]
[TimeControl "180+1"]
[Date "2022.08.18"]
[WhiteClock "0:00:00"]
[BlackClock "0:00:00"]

1. d4 d5 2. c4 c6 3. Nc3 Nf6 4. Nf3 e6 5. e3 Be7 6. Bd3 O-O 7. O-O Nbd7 8. b3 b6 9. Bb2 Bb7 10. Rc1 Rc8 11. Qe2 Qc7 12. Rfd1 Qb8 13. e4 dxe4 14. Nxe4 Nxe4 15. Bxe4 Nf6 16. Bb1 c5 17. d5 exd5 18. Qxe7 Rce8 19. Bxf6 Rxe7 20. Bxe7 Re8 21. Bh4 dxc4 22. Bg3 Qc8 23. Rxc4 Qe6 24. Bxh7+ Kf8 25. Bd6+ Re7 26. Bxe7+ Qxe7 27. Rf4 g5 28. Ra4 Bc6 29. Re1 Qd7 30. Rc4 f5 31. Nxg5 Bd5 32. Rf4 Qg7 33. Rxf5+ Bf7 34. Rxf7+ Qxf7 35. Nxf7 Kxf7 36. Bd3 Kf6 37. Bc4 1-0


[Site "https://www.chess.com"]

[Event "Titled Tuesday Blitz August 16 Late 2022"]
[White "Yurovskykh, Oleksandr"]
[Black "Swiercz, Dariusz"]
[WhiteFideId "14134020"]
[BlackFideId "1126881"]
[WhiteElo "2292"]
[BlackElo "2627"]
[Result "0-1"]
[Round "03"]
[TimeControl "180+1"]
[Date "2022.08.16"]
[WhiteClock "0:00:20"]
[BlackClock "0:01:13"]

1. d4 Nf6 2. Nf3 g6 3. Bg5 Bg7 4. Nbd2 O-O 5. c3 d5 6. e3 b6 7. Be2 Bb7 8. O-O Nbd7 9. b4 Qe8 10. h3 e5 11. Bh4 a5 12. b5 Qe6 13. Bg3 Ne4 14. Nxe4 dxe4 15. Nd2 Rad8 16. Bc4 Qe7 17. Qc2 Kh8 18. Rae1 f5 19. f3 exf3 20. Nxf3 e4 21. Nd2 Nf6 22. Be5 Nh5 23. Bxg7+ Qxg7 24. Be2 Ng3 25. Rf2 Qh6 26. Nf1 Qh4 27. Nxg3 Qxg3 28. Bc4 f4 29. exf4 e3 30. Rfe2 Bxg2 31. Rxe3 Bf3+ 32. Kf1 Qxh3+ 33. Kg1 Qh1+ 34. Kf2 Qg2# 0-1


[Site "https://www.chess.com"]

[Event "Titled Tuesday Blitz August 16 Late 2022"]
[White "Zenin, Dmitry"]
[Black "Vargas, Mauricio"]
[WhiteFideId "4127897"]
[BlackFideId "4404572"]
[WhiteElo "2215"]
[BlackElo "2004"]
[Result "1-0"]
[Round "03"]
[TimeControl "180+1"]
[Date "2022.08.18"]
[WhiteClock "0:00:00"]
[BlackClock "0:00:00"]

1. c4 e5 2. Nc3 Nc6 3. g3 f5 4. Bg2 Nf6 5. d3 Bb4 6. Bd2 Bxc3 7. Bxc3 O-O 8. e3 d6 9. Ne2 Qe8 10. O-O Qh5 11. d4 f4 12. exf4 Bh3 13. f3 e4 14. d5 exf3 15. Bxf3 Ng4 16. dxc6 Bxf1 17. Bxg4 Bxe2 18. Qxe2 Qc5+ 19. Qf2 Qxc6 20. b3 Rae8 21. Bf3 Qd7 22. Rd1 Qf5 23. Kg2 b6 24. Rd2 Qb1 25. Qd4 Re7 26. Qd3 Qc1 27. Qc2 Qe1 28. Rf2 Qe6 29. Bd5 Rfe8 30. Qe4 Kh8 31. Bxe6 Rxe6 32. Qc6 R6e7 33. h4 h6 34. h5 Kh7 35. Qd5 Re3 36. Qf5+ Kh8 37. Qg6 1-0


[Site "https://www.chess.com"]

[Event "Titled Tuesday Blitz August 16 Late 2022"]
[White "Abdyzhapar, Asylbek"]
[Black "Holt, Conrad"]
[WhiteFideId "13800337"]
[BlackFideId "2034387"]
[WhiteElo "2323"]
[BlackElo "2586"]
[Result "0-1"]
[Round "04"]
[TimeControl "180+1"]
[Date "2022.08.16"]
[WhiteClock "0:00:56"]
[BlackClock "0:00:10"]

1. c4 c6 2. Nf3 d5 3. g3 Bg4 4. Bg2 e6 5. O-O Nd7 6. b3 Bxf3 7. Bxf3 dxc4 8. bxc4 Ne5 9. Bg2 Nxc4 10. Qb3 Nb6 11. Bb2 Nf6 12. a4 a5 13. Nc3 Bb4 14. Na2 Be7 15. Rab1 Ra6 16. e3 O-O 17. Bd4 Nfd7 18. Rfc1 e5 19. Bc3 Nc5 20. Qd1 Nd3 21. Rc2 Qd7 22. Bxa5 Nxa4 23. Bb4 c5 24. Bc3 b5 25. Qh5 b4 26. Be4 Rh6 27. Qe2 Rd6 28. Bxd3 Rxd3 29. Bxe5 b3 30. Rcc1 bxa2 31. Ra1 Rxd2 32. Qc4 Nb6 33. Qc3 f6 34. Bc7 Na4 35. Qc4+ Kh8 36. Rxa2 Rxa2 37. Qxa2 Qxc7 38. Qxa4 g6 39. Rd1 Rd8 40. Rb1 c4 41. Rc1 c3 42. Qe4 Rc8 43. Rc2 Kg7 44. h4 Bf8 45. h5 Qc4 46. Qb7+ Rc7 47. Qb8 gxh5 48. Kh2 h4 49. g4 Bd6+ 50. f4 Bxf4+ 51. exf4 Qxf4+ 52. Kh1 Qe4+ 53. Kh2 Rd7 54. Rg2 Qe5+ 55. Qxe5 fxe5 56. Rc2 Rd2+ 0-1


[Site "https://www.chess.com"]

[Event "Titled Tuesday Blitz August 16 Late 2022"]
[White "Al-Tarboush, Ward"]
[Black "Barash, Anton"]
[WhiteFideId "7601450"]
[BlackFideId "30935229"]
[WhiteElo "2234"]
[BlackElo "2088"]
[Result "1-0"]
[Round "04"]
[TimeControl "180+1"]
[Date "2022.08.18"]
[WhiteClock "0:00:00"]
[BlackClock "0:00:00"]

1. e4 e6 2. d4 d5 3. exd5 exd5 4. Bd3 Nf6 5. Bg5 Bd6 6. Nc3 c6 7. Nge2 O-O 8. Qd2 Nbd7 9. O-O-O a5 10. h4 a4 11. Rdg1 a3 12. b3 Qa5 13. g4 Bb4 14. Bf5 Re8 15. Qd3 Ne4 16. Nxe4 dxe4 17. Bxe4 c5 18. Bxh7+ Kh8 19. h5 Qa6 20. h6 g6 21. Qf3 f6 22. Bxg6 Qxe2 23. Bxf6+ Kg8 24. h7+ 1-0


[Site "https://www.chess.com"]

[Event "Titled Tuesday Blitz August 16 Late 2022"]
[White "Aldokhin, Ivan"]
[Black "Lenderman, Aleksandr"]
[WhiteFideId "24115720"]
[BlackFideId "2021285"]
[WhiteElo "2246"]
[BlackElo "2607"]
[Result "0-1"]
[Round "04"]
[TimeControl "180+1"]
[Date "2022.08.16"]
[WhiteClock "0:00:03"]
[BlackClock "0:00:58"]

1. e4 g6 2. d4 Bg7 3. Nc3 d6 4. Bg5 b6 5. Qd2 Bb7 6. f4 Nd7 7. Nf3 Ngf6 8. e5 Ne4 9. Nxe4 Bxe4 10. Be2 O-O 11. O-O-O f6 12. Bh4 Bh6 13. Qe3 Bxf3 14. Bxf3 fxe5 15. Qb3+ Kh8 16. Bxa8 Rxf4 17. Kb1 Rxh4 18. Bc6 Rxd4 19. Rxd4 exd4 20. Bxd7 Qxd7 21. Qf7 Bg7 22. Re1 d3 23. Rxe7 dxc2+ 24. Kc1 Bh6+ 25. Kxc2 Qc6+ 26. Kb1 Qc1# 0-1


[Site "https://www.chess.com"]